SAL
DELMARVA SHOREBIRDS @ HICKORY CRAWDADS
09/05/2099
 
TOP OF THE 1ST
Delmarva Shorebirds batting - Pitching for Hickory Crawdads : LHP Tom Ahearn
Pitching: LHP Tom Ahearn
Batting: RHB Jason Farley 0-0: Ball
1-0: Swinging Strike
1-1: SINGLE (Groundball, 4MD, EV 104.4 MPH)
Batting: RHB Mark Squier 0-0: Fly out, F9 (Line Drive, 9, EV 88.1 MPH)
Batting: RHB Chris Brewster 0-0: Ball
1-0: Grounds into double play, 5-4-3 (Groundball, 15, EV 83.1 MPH)
Top of the 1st over - 0 runs, 1 hit, 0 errors, 0 left on base; Delmarva 0 - Hickory 0
BOTTOM OF THE 1ST
Hickory Crawdads batting - Pitching for Delmarva Shorebirds : LHP Curtis Miller
Pitching: LHP Curtis Miller
Batting: RHB Greg Milne 0-0: Foul Ball, location: 3FF
0-1: Ball
1-1: Ball
2-1: Ball
3-1: Foul Ball, location: 7LSF
3-2: Foul Ball, location: 9LSF
3-2: Ground out 4-3 (Groundball, 34, EV 110.0 MPH)
Batting: SHB Josh Cady 0-0: Ball
1-0: Ball
2-0: Ball
3-0: Called Strike
3-1: Fly out, F3 (Popup, 3F, EV 78.1 MPH)
Batting: LHB Brad Allen 0-0: Foul Ball, location: 5DF
0-1: Swinging Strike
0-2: Strikes out looking
Bottom of the 1st over - 0 runs, 0 hits, 0 errors, 0 left on base; Delmarva 0 - Hickory 0
TOP OF THE 2ND
Delmarva Shorebirds batting - Pitching for Hickory Crawdads : LHP Tom Ahearn
Batting: RHB Brad Bronson 0-0: Called Strike
0-1: Called Strike
0-2: Ball
1-2: Ball
2-2: Strikes out swinging
Batting: RHB Philip Strasser 0-0: Ball
1-0: Foul Ball, location: 9LDF
1-1: Fly out, F8 (Flyball, 8LD, EV 84.4 MPH)
Batting: RHB Jaiden Allmond 0-0: Ball
1-0: Called Strike
1-1: Ball
2-1: Foul Ball, location: 5F
2-2: Strikes out swinging
Top of the 2nd over - 0 runs, 0 hits, 0 errors, 0 left on base; Delmarva 0 - Hickory 0
BOTTOM OF THE 2ND
Hickory Crawdads batting - Pitching for Delmarva Shorebirds : LHP Curtis Miller
Batting: RHB Alex Colgan 0-0: Ball
1-0: Ball
2-0: Foul Ball, location: 2F
2-1: Foul Ball, location: 2F
2-2: Ball
3-2: Foul Ball, location: 9LMF
3-2: Fly out, F9 (Line Drive, 89M, EV 87.5 MPH)
Batting: SHB Rodrigo Ruiz 0-0: Ball
1-0: Called Strike
1-1: Swinging Strike
1-2: Ball
2-2: Foul Ball, location: 2F
2-2: Foul Ball, location: 2F
2-2: Ball
3-2: Base on Balls
Batting: RHB Justin Beck 0-0: Called Strike
0-1: Called Strike
0-2: Fly out, F8 (Line Drive, 78M, EV 96.9 MPH)
Batting: LHB Brian Edwards 0-0: Ball
1-0: Ball
2-0: Foul Ball, location: 2F
2-1: Ball
3-1: Foul Ball, location: 7LMF
3-2: Base on Balls
Rodrigo Ruiz to second
Batting: RHB Kevin Norvell 0-0: Called Strike
0-1: Foul Ball, location: 9LMFF
0-2: Foul Ball, location: 5F
0-2: Foul Ball, location: 3F
0-2: Ball
1-2: SINGLE (Groundball, 6, EV 88.1 MPH)
Rodrigo Ruiz to third
Brian Edwards to second
Runner from 3rd tries for Home, SAFE, throw by LF to home
Batting: LHB Branden Clark 0-0: Ground out 1-3 (Groundball, 13S, EV 72.5 MPH)
Bottom of the 2nd over - 1 run, 1 hit, 0 errors, 2 left on base; Delmarva 0 - Hickory 1
TOP OF THE 3RD
Delmarva Shorebirds batting - Pitching for Hickory Crawdads : LHP Tom Ahearn
Batting: RHB Jerry Williams 0-0: Called Strike
0-1: Ball
1-1: Foul Ball, location: 9LSF
1-2: Strikes out swinging
Batting: RHB Malik Worley 0-0: Ball
1-0: Foul Ball, location: 23F
1-1: Ball
2-1: Called Strike
2-2: SINGLE (Line Drive, 89S, EV 93.8 MPH)
Batting: RHB Daniel Jividen 0-0: Called Strike
0-1: Called Strike
0-2: Ball
1-2: Strikes out looking
Batting: RHB Jason Farley 0-0: Swinging Strike
0-1: Ball
1-1: Foul Ball, location: 2F
1-2: Strikes out swinging
Top of the 3rd over - 0 runs, 1 hit, 0 errors, 1 left on base; Delmarva 0 - Hickory 1
BOTTOM OF THE 3RD
Hickory Crawdads batting - Pitching for Delmarva Shorebirds : LHP Curtis Miller
Batting: RHB Greg Milne 0-0: Ball
1-0: Ball
2-0: Ground out 3-1 (Groundball, 34S, EV 94.4 MPH)
Batting: SHB Josh Cady 0-0: Swinging Strike
0-1: Foul Ball, location: 23F
0-2: Ball
1-2: Strikes out looking
Batting: LHB Brad Allen 0-0: Ball
1-0: Swinging Strike
1-1: Called Strike
1-2: SINGLE (Line Drive, 6M, EV 99.4 MPH)
Batting: RHB Alex Colgan 0-0: Ball
1-0: Swinging Strike
1-1: Swinging Strike
1-2: Fly out, F8 (Flyball, 8LD, EV 83.8 MPH)
Bottom of the 3rd over - 0 runs, 1 hit, 0 errors, 1 left on base; Delmarva 0 - Hickory 1
TOP OF THE 4TH
Delmarva Shorebirds batting - Pitching for Hickory Crawdads : LHP Tom Ahearn
Batting: RHB Mark Squier 0-0: Ball
1-0: Swinging Strike
1-1: Ball
2-1: Ball
3-1: Foul Ball, location: 2F
3-2: Foul Ball, location: 5FF
3-2: Fly out, F9 (Flyball, 9S, EV 92.5 MPH)
Batting: RHB Chris Brewster 0-0: Ball
1-0: Ball
2-0: Ball
3-0: Swinging Strike
3-1: Called Strike
3-2: Foul Ball, location: 3FF
3-2: Strikes out swinging
Batting: RHB Brad Bronson 0-0: Called Strike
0-1: Ball
1-1: Ball
2-1: Ground out 5-3 (Groundball, 56S, EV 76.3 MPH)
Top of the 4th over - 0 runs, 0 hits, 0 errors, 0 left on base; Delmarva 0 - Hickory 1
BOTTOM OF THE 4TH
Hickory Crawdads batting - Pitching for Delmarva Shorebirds : LHP Curtis Miller
Batting: SHB Rodrigo Ruiz 0-0: Swinging Strike
0-1: Ground out 1-3 (Groundball, P, EV 71.3 MPH)
Batting: RHB Justin Beck 0-0: Ball
1-0: Ball
2-0: Ground out 4-3 (Groundball, 4M, EV 105.6 MPH)
Batting: LHB Brian Edwards 0-0: Ball
1-0: Ball
2-0: Called Strike
2-1: Called Strike
2-2: Ball
3-2: Strikes out swinging
Bottom of the 4th over - 0 runs, 0 hits, 0 errors, 0 left on base; Delmarva 0 - Hickory 1
TOP OF THE 5TH
Delmarva Shorebirds batting - Pitching for Hickory Crawdads : LHP Tom Ahearn
Batting: RHB Philip Strasser 0-0: Swinging Strike
0-1: Foul Ball, location: 2F
0-2: Ball
1-2: Strikes out swinging
Batting: RHB Jaiden Allmond 0-0: Called Strike
0-1: Foul Ball, location: 2F
0-2: Foul Ball, location: 2F
0-2: Foul Ball, location: 3FF
0-2: Ball
1-2: Ball
2-2: Ball
3-2: Foul Ball, location: 5DF
3-2: Foul Ball, location: 3F
3-2: Ground out 6-3 (Groundball, 6, EV 103.1 MPH)
Batting: RHB Jerry Williams 0-0: Ball
1-0: Fly out, F7 (Line Drive, 78M, EV 91.9 MPH)
Top of the 5th over - 0 runs, 0 hits, 0 errors, 0 left on base; Delmarva 0 - Hickory 1
BOTTOM OF THE 5TH
Hickory Crawdads batting - Pitching for Delmarva Shorebirds : LHP Curtis Miller
Batting: RHB Kevin Norvell 0-0: Ground out 6-3 (Groundball, 6, EV 103.8 MPH)
Batting: LHB Branden Clark 0-0: Called Strike
0-1: Called Strike
0-2: Strikes out swinging
Batting: RHB Greg Milne 0-0: Called Strike
0-1: Ground out 4-3 (Groundball, 4M, EV 87.5 MPH)
Bottom of the 5th over - 0 runs, 0 hits, 0 errors, 0 left on base; Delmarva 0 - Hickory 1
TOP OF THE 6TH
Delmarva Shorebirds batting - Pitching for Hickory Crawdads : LHP Tom Ahearn
Batting: RHB Malik Worley 0-0: Ball
1-0: Called Strike
1-1: Ball
2-1: Foul Ball, location: 9LDF
2-2: Ball
3-2: Foul Ball, location: 23F
3-2: Base on Balls
Batting: RHB Daniel Jividen 0-0: Bunted foul
0-1: Bunt missed!
0-2: Strikes out looking
Batting: RHB Jason Farley 0-0: Foul Ball, location: 2F
0-1: Called Strike
0-2: Strikes out swinging
Batting: RHB Mark Squier 0-0: Foul Ball, location: 2F
0-1: Called Strike
0-2: Foul Ball, location: 9LSF
0-2: Foul Ball, location: 5DF
0-2: Ball
1-2: Ball
2-2: SINGLE (Groundball, 34D, EV 98.1 MPH)
Malik Worley to second
Runner from 2nd tries for 3rd, SAFE, no throw by RF
Batting: RHB Chris Brewster 0-0: Fly out, F5 (Popup, 25F, EV 91.3 MPH)
Top of the 6th over - 0 runs, 1 hit, 0 errors, 2 left on base; Delmarva 0 - Hickory 1
BOTTOM OF THE 6TH
Hickory Crawdads batting - Pitching for Delmarva Shorebirds : LHP Curtis Miller
Batting: SHB Josh Cady 0-0: Ball
1-0: Ball
2-0: Called Strike
2-1: Ball
3-1: Base on Balls
Batting: LHB Brad Allen 0-0: Called Strike
0-1: Foul Ball, location: 3DF
0-2: Strikes out swinging
Batting: RHB Alex Colgan 0-0: SINGLE (Line Drive, 4M, EV 106.3 MPH)
Josh Cady to second
Batting: SHB Rodrigo Ruiz 0-0: Called Strike
0-1: Ball
1-1: Foul Ball, location: 2F
1-2: Ball
2-2: Foul Ball, location: 2F
2-2: Ball
3-2: Fly out, F5 (Popup, 5F, EV 60.0 MPH)
Pitching: RHP Mike Sutherlin
Batting: RHB Justin Beck 0-0: Ball
1-0: Called Strike
1-1: Fly out, F7 (Flyball, 7LM, EV 86.9 MPH)
Bottom of the 6th over - 0 runs, 1 hit, 0 errors, 2 left on base; Delmarva 0 - Hickory 1
TOP OF THE 7TH
Delmarva Shorebirds batting - Pitching for Hickory Crawdads : LHP Tom Ahearn
Batting: RHB Brad Bronson 0-0: Ball
1-0: Ball
2-0: Foul Ball, location: 9LDF
2-1: Ground out 5-3 (Groundball, 56, EV 93.1 MPH)
Batting: RHB Philip Strasser 0-0: Called Strike
0-1: Foul Ball, location: 2F
0-2: Strikes out swinging
Batting: RHB Jaiden Allmond 0-0: Ball
1-0: Called Strike
1-1: Foul Ball, location: 2F
1-2: Ball
2-2: Ball
3-2: Foul Ball, location: 9LMF
3-2: Fly out, F7 (Flyball, 7D, EV 77.5 MPH)
Top of the 7th over - 0 runs, 0 hits, 0 errors, 0 left on base; Delmarva 0 - Hickory 1
BOTTOM OF THE 7TH
Hickory Crawdads batting - Pitching for Delmarva Shorebirds : RHP Mike Sutherlin
Batting: LHB Brian Edwards 0-0: Ball
1-0: Ball
2-0: Foul Ball, location: 7LSF
2-1: Ball
3-1: Ground out U3 (Groundball, 3S, EV 86.3 MPH)
Batting: RHB Kevin Norvell 0-0: Ball
1-0: Ball
2-0: Foul Ball, location: 2F
2-1: Ball
3-1: Swinging Strike
3-2: Foul Ball, location: 23F
3-2: Strikes out looking
Batting: LHB Branden Clark 0-0: Ball
1-0: SINGLE (Line Drive, 34, EV 106.9 MPH)
Batting: RHB Greg Milne 0-0: Ball
1-0: DOUBLE (Line Drive, 9LS, EV 91.9 MPH)
Branden Clark to third
Batting: SHB Josh Cady 0-0: Ball
1-0: Ball
2-0: Called Strike
2-1: Foul Ball, location: 2F
2-2: 3-RUN HOME RUN (Flyball, 7D, EV 96.9 MPH), Distance : 380 ft
Pitching: RHP Julio Gonzales
Batting: LHB Brad Allen 0-0: Called Strike
0-1: Ball
1-1: Called Strike
1-2: Ball
2-2: Strikes out looking
Bottom of the 7th over - 3 runs, 3 hits, 0 errors, 0 left on base; Delmarva 0 - Hickory 4
TOP OF THE 8TH
Delmarva Shorebirds batting - Pitching for Hickory Crawdads : LHP Tom Ahearn
Batting: RHB Jerry Williams 0-0: Swinging Strike
0-1: Foul Ball, location: 23F
0-2: Ball
1-2: Ball
2-2: Ball
3-2: Fly out, F8 (Flyball, 78S, EV 91.3 MPH)
Batting: RHB Malik Worley 0-0: Ball
1-0: Called Strike
1-1: Foul Ball, location: 2F
1-2: Strikes out looking
Batting: RHB Daniel Jividen 0-0: SINGLE (Line Drive, 6M, EV 105.6 MPH)
Batting: RHB Jason Farley 0-0: Ball
1-0: Ball
2-0: Ball
3-0: Swinging Strike
3-1: Called Strike
3-2: Ground out 4-3 (Groundball, 13, EV 80.6 MPH)
Top of the 8th over - 0 runs, 1 hit, 0 errors, 1 left on base; Delmarva 0 - Hickory 4
BOTTOM OF THE 8TH
Hickory Crawdads batting - Pitching for Delmarva Shorebirds : RHP Julio Gonzales
Batting: RHB Alex Colgan 0-0: Called Strike
0-1: Ball
1-1: Ball
2-1: Foul Ball, location: 2RF
2-2: Ball
3-2: Strikes out swinging
Batting: SHB Rodrigo Ruiz 0-0: Swinging Strike
0-1: Hit by Pitch
Batting: RHB Justin Beck 0-0: Fly out, F4 (Popup, 4MD, EV 53.8 MPH)
Batting: LHB Brian Edwards 0-0: Ball
1-0: Swinging Strike
1-1: Foul Ball, location: 2F
1-2: Strikes out swinging
Bottom of the 8th over - 0 runs, 0 hits, 0 errors, 1 left on base; Delmarva 0 - Hickory 4
TOP OF THE 9TH
Delmarva Shorebirds batting - Pitching for Hickory Crawdads : LHP Tom Ahearn
Batting: RHB Mark Squier 0-0: Called Strike
0-1: Foul Ball, location: 3F
0-2: Strikes out looking
Batting: RHB Chris Brewster 0-0: Ball
1-0: DOUBLE (Flyball, 8RXD, EV 111.9 MPH)
Pitching: RHP Tyler Smith
Batting: RHB Brad Bronson 0-0: Swinging Strike
0-1: Foul Ball, location: 9LMF
0-2: Ball
1-2: Fly out, F9 (Flyball, 9D, EV 83.1 MPH)
Batting: RHB Philip Strasser 0-0: Ball
1-0: Ball
2-0: Ball
3-0: Called Strike
3-1: Swinging Strike
3-2: Foul Ball, location: 2F
3-2: Strikes out looking
Top of the 9th over - 0 runs, 1 hit, 0 errors, 1 left on base; Delmarva 0 - Hickory 4
Thursday, May 16th , 2024 - OOTP Baseball 24.11 Build 85